 Dungeon Crawl Stone Soup version 0.30-a0-1082-g70414cbcbb (webtiles) character file.

Game seed: 6824813463960853205

17298 senseless the Fighter (level 12, -14/99 HPs)
             Began as a Demonspawn Fighter on Apr 15, 2023.
             Was the Champion of Makhleb.
             Killed from afar by a lindwurm (28 damage)
             ... with a blast of flame
             ... on level 1 of the Lair of Beasts.
             The game lasted 00:42:38 (11989 turns).

senseless the Fighter (Demonspawn Fighter)         Turns: 11989, Time: 00:42:40

Health: -14/99     AC: 17    Str: 21    XL:     12   Next: 17%
Magic:  0/12       EV:  9    Int: 10    God:    Makhleb [******]
Gold:   464        SH: 17    Dex: 19    Spells: 11/11 levels left

rFire   . . .      SeeInvis .    a - +4 war axe
rCold   x . .      Faith    .    w - +0 tower shield
rNeg    . . .      Spirit   +    r - +6 chain mail "Wuroagia" {rC- Slay+4}
rPois   .          Reflect  .    (no helmet)
rElec   .          Rampage  .    (no cloak)
rCorr   +                        (no gloves)
Will    .....                    (no boots) Stlth
                                 y - amulet of guardian spirit
HPRegen 0.36/turn                j - ring of resist corrosion
MPRegen 0.13/turn                o - +6 ring of dexterity

@: repel missiles
A: hooves 1, repulsion field 3, demonic guardian 1, demonic magic 1
a: Renounce Religion, Minor Destruction, Lesser Servant of Makhleb, Major
Destruction, Greater Servant of Makhleb


You were on level 1 of the Lair of Beasts.
You worshipped Makhleb.
Makhleb was exalted by your worship.
You visited 2 branches of the dungeon, and saw 12 of its levels.
You also visited: Ossuary.

You collected 779 gold pieces.
You spent 315 gold pieces at shops.

Inventory:

Hand Weapons
 a - a +4 war axe (weapon)
 I - the +1 mace of Cheese {flame, *Noise rPois Int+8 Stlth+}
   (You found it on level 11 of the Dungeon)

   Int:       It affects your intelligence (+8).
   rPois:     It protects you from poison.
   *Noise:    It may make noises in combat.
   Stlth:     It makes you more stealthy.
Missiles
 b - 3 curare-tipped darts
 f - 31 poisoned darts (quivered)
 v - 4 throwing nets
Armour
 c - a +1 buckler
 r - the +6 chain mail "Wuroagia" (worn) {rC- Slay+4}
   (You bought it in a shop on level 4 of the Dungeon)

   Slay:      It affects your accuracy & damage with ranged weapons and melee
   (+4).
   rC:        It makes you vulnerable to cold.
 w - a +0 tower shield (worn)
 A - the +3 hat of Pondering {ponderous, Will+ MP+10 Int+5}
   (You took it off Gastronok on level 8 of the Dungeon)

   Int:       It affects your intelligence (+5).
   MP:        It affects your magic capacity (+10).
   Will:      It increases your willpower.
 F - a +0 scale mail of cold resistance
 H - a +2 pair of boots of rampaging
 M - a +3 plate armour
Jewellery
 d - a ring of ice
 j - a ring of resist corrosion (left hand)
 k - a ring of wizardry
 o - a +6 ring of dexterity (right hand)
 y - an amulet of guardian spirit (around neck)
 C - a ring of protection from cold
 J - a ring of wizardry
 L - an amulet of the acrobat
Wands
 e - a wand of light (8)
 p - a wand of charming (8)
 D - a wand of flame (5)
 G - a wand of iceblast (10)
 O - a wand of polymorph (6)
Scrolls
 h - 5 scrolls of amnesia
 l - a scroll of blinking
 q - 4 scrolls of teleportation
 t - 2 scrolls of immolation
 z - 2 scrolls of poison
 E - 3 scrolls of identify
 N - a scroll of silence {unknown}
Potions
 g - 2 potions of flight
 i - a potion of berserk rage
 m - 3 potions of attraction
 n - a potion of brilliance
 s - a potion of haste
 u - 3 potions of cancellation
 x - 3 potions of invisibility
 B - a potion of magic
 K - a potion of lignification


   Skills:
 + Level 10.6 Fighting
 + Level 9.5 Axes
 + Level 9.8 Armour
 + Level 9.8 Shields


You had 11 spell levels left.
You didn't know any spells.
Your spell library contained the following spells:

 Spells                   Type           Power      Damage    Failure   Level
 Magic Dart               Conj           0%         1d3       100%        1
 Searing Ray              Conj           0%         2d4       100%        2
 Sublimation of Blood     Necr           0%         N/A       100%        2
 Stone Arrow              Conj/Erth      0%         3d7       100%        3
 Animate Armour           Summ/Erth      0%         N/A       100%        4
 Fulminant Prism          Conj/Hex       0%         3d5       100%        4
 Petrify                  Tmut/Erth      0%         N/A       100%        4
 Fireball                 Conj/Fire      0%         3d3       100%        5
 Irradiate                Conj/Tmut      0%         3d11      100%        5
 Metabolic Englaciation   Hex/Ice        0%         N/A       100%        5
 Starburst                Conj/Fire      0%         6d3       100%        6
 Statue Form              Tmut/Erth      0%         N/A       100%        6
 Lehudib's Crystal Spear  Conj/Erth      0%         10d2      100%        8
 Chain Lightning          Conj/Air       0%         N/A       100%        9


Dungeon Overview and Level Annotations

Branches:
Dungeon (11/15)            Temple (0/1) D:6            Lair (1/5) D:8
    Orc (0/2) D:9         Ossuary (visited)

Altars:
Dithmenos
Makhleb
Nemelex Xobeh
Okawaru
Qazlal

Shops:
D:1 =   D:4 *


Innate Abilities, Weirdness & Mutations

You have large cloven feet.
You are surrounded by a strong repulsion field. (EV +4, RMsl)
A weak demonic guardian rushes to your aid.
Spells you cast may paralyse adjacent enemies.


Message History

The blast of flame hits you. The lindwurm breathes flames at you.
The blast of flame hits you!! The lindwurm breathes flames at you.
The blast of flame is repelled.
You block the lindwurm's attack.
The lindwurm claws you but does no damage.
The lindwurm claws you.
You slice the lindwurm!!
You kick the lindwurm, but do no damage.
The lindwurm is heavily wounded.
The lindwurm breathes flames at you. The blast of flame hits you!!
You block the lindwurm's attack. The lindwurm closely misses you.
You block the lindwurm's attack.
You are too injured to fight recklessly!
You are too injured to fight recklessly!
You are too injured to fight recklessly!
You slash the lindwurm!
You kick the lindwurm, but do no damage.
The lindwurm is severely wounded.
You block the lindwurm's attack. x2; The lindwurm barely misses you.
You hit the lindwurm but do no damage.
The lindwurm is severely wounded.
The lindwurm breathes flames at you. The blast of flame hits you!!
* * * LOW HITPOINT WARNING * * *
A demonic guardian appears!
The lindwurm attacks as you move away! The lindwurm bites you.
* * * LOW HITPOINT WARNING * * *
You block the lindwurm's attack. x2
The lindwurm attacks as you move away! You block the lindwurm's attack.
The lindwurm claws you but does no damage. x2
Your ice devil hits the lindwurm.
Your ice devil freezes the lindwurm!
You hit the lindwurm but do no damage. You kick the lindwurm.
The lindwurm is almost dead.
You block the lindwurm's attack. x2; The lindwurm misses you.
Your ice devil closely misses the lindwurm.
The lindwurm breathes flames at you. The blast of flame hits you!!
You die...

###...### ##..#.#
#....# ## ##...###
≈###
##......#.....
#.......#...k.
##.....#§..##
#......#..§##
#$.!..@#..≈≈##
#....k##......
#...#!.4.≈......
#......#....≈≈#.#.
....#......#.#....
.#.###P....>......
... ###..........
.. ##..#......
##.......#


You could see a lindwurm (catching breath, ally target) and a friendly ice devil
(summoned).

Vanquished Creatures
  Gastronok (D:8)
  Fannar (Lair:1)
  2 boulder beetles (D:11)
  A centaur warrior (D:11)
  2 two-headed ogres
  Sonja (Lair:1)
  Maggie (D:10)
  Joseph (D:8)
  2 kobold demonologists (D:11)
  Grinder (D:5)
  A hornet (D:8)
  Sigmund (D:3)
  A wraith (D:10)
  13 yaks
  A steam dragon (D:9)
  3 vampire mosquitoes (D:11)
  3 water moccasins
  5 black bears
  2 ice beasts
  2 sky beasts
  12 orc warriors
  An ogre (D:5)
  12 centaurs
  2 kobold brigands (D:11)
  An elf zombie (D:7)
  8 bullfrogs
  2 gnoll sergeants
  15 scorpions
  An elf skeleton (D:7)
  4 wights (D:10)
  8 killer bees
  4 howler monkeys
  2 human zombies (Ossuary)
  3 hounds
  A jelly (D:5)
  A gnoll bouda (D:6)
  8 orc priests
  2 sleepcaps
  Ijyb (D:4)
  Terence (D:3)
  3 iguanas (D:5)
  A human skeleton (D:7)
  12 orc wizards
  2 scorpion zombies (Ossuary)
  3 mummies (Ossuary)
  14 gnolls
  10 river rats (D:5)
  10 adders
  A shadow imp (D:5)
  6 white imps
  3 ufetubi
  3 worms
  3 dart slugs
  67 orcs
  10 endoplasms
  4 gnoll zombies (Ossuary)
  18 goblins
  9 hobgoblins
  2 jackals (D:3)
  12 quokkas
  6 ball pythons
  5 bats
  2 frilled lizards (D:3)
  3 goblin zombies (Ossuary)
  3 hobgoblin zombies (Ossuary)
  11 kobolds
  2 kobold zombies (Ossuary)
  An orc skeleton (D:7)
  3 orc zombies
  22 rats
385 creatures vanquished.

Vanquished Creatures (collateral kills)
  A boulder beetle (D:11)
  A centaur (D:7)
  An orc (D:8)
3 creatures vanquished.

Vanquished Creatures (others)
  An orc wizard (D:11)
  31 fungi
  28 plants
60 creatures vanquished.

Grand Total: 448 creatures vanquished

Notes
Turn   | Place    | Note
-------+----------+-------------------------------------------
     0 | D:1      | senseless the Demonspawn Fighter began the quest for the
                  | Orb.
     0 | D:1      | Reached XP level 1. HP: 18/18 MP: 1/1
    74 | D:1      | Gained mutation: You have large cloven feet. [demonic
                  | ancestry]
    74 | D:1      | Reached XP level 2. HP: 16/24 MP: 2/2
   253 | D:1      | Found Ybey's Jewellery Shoppe.
   558 | D:1      | Reached XP level 3. HP: 29/29 MP: 3/3
  1159 | D:1      | Prayed at the altar of an unknown god.
  1159 | D:1      | Became a worshipper of Makhleb the Destroyer
  1159 | D:1      | Reached * piety under Makhleb
  1193 | D:2      | Reached XP level 4. HP: 35/35 MP: 4/4
  1618 | D:3      | Noticed a scorpion
  1623 | D:3      | Killed a scorpion
  1846 | D:3      | Gained mutation: You are surrounded by a mild repulsion
                  | field. (EV +2) [demonic ancestry]
  1846 | D:3      | Reached XP level 5. HP: 34/42 MP: 5/5
  1937 | D:3      | Noticed Sigmund
  1944 | D:3      | Killed Sigmund
  1945 | D:3      | Reached skill level 4 in Fighting
  1945 | D:3      | Gained mutation: Spells you cast may paralyse adjacent
                  | enemies. [demonic ancestry]
  1945 | D:3      | Reached XP level 6. HP: 48/48 MP: 6/6
  2084 | D:3      | Noticed Terence
  2092 | D:3      | Killed Terence
  2347 | D:3      | Reached ** piety under Makhleb
  2606 | D:3      | Found an iron altar of Okawaru.
  2994 | D:4      | Found Solane's Assorted Antiques.
  3071 | D:4      | Noticed Ijyb
  3079 | D:4      | Killed Ijyb
  3560 | D:4      | Bought a faintly glowing chain mail for 285 gold pieces
  3560 | D:4      | Identified the +6 chain mail "Wuroagia" {rC- Slay+4} (You
                  | bought it in a shop on level 4 of the Dungeon)
  3640 | D:4      | Bought a scroll labelled ZIORUOTYGECK for 30 gold pieces
  3728 | D:4      | Reached XP level 7. HP: 55/55 MP: 7/7
  3901 | D:5      | Entered Level 5 of the Dungeon
  4116 | D:5      | Reached skill level 5 in Fighting
  4131 | D:5      | Noticed Grinder
  4142 | D:5      | Paralysed by Grinder for 5 turns
  4149 | D:5      | Killed Grinder
  4176 | D:5      | Reached *** piety under Makhleb
  4361 | D:5      | Reached skill level 5 in Armour
  4365 | D:5      | Reached skill level 5 in Shields
  4384 | D:5      | Gained mutation: A weak demonic guardian rushes to your
                  | aid. [demonic ancestry]
  4384 | D:5      | Reached XP level 8. HP: 63/63 MP: 8/8
  4673 | D:5      | Found a sparkling altar of Nemelex Xobeh.
  4704 | D:5      | Reached **** piety under Makhleb
  4725 | D:5      | Got Vehumet's Atlas of the Missiles
  4871 | D:5      | Reached skill level 5 in Axes
  4888 | D:5      | Reached skill level 6 in Fighting
  5282 | D:6      | Found a staircase to the Ecumenical Temple.
  5516 | D:6      | Reached XP level 9. HP: 65/71 MP: 9/9
  5717 | D:6      | You fall into a shaft and drop 1 floor!
  5995 | D:7      | Reached skill level 7 in Fighting
  6002 | D:7      | Found a sand-covered staircase.
  6007 | Ossuary  | Entered an ossuary
  6122 | Ossuary  | Reached ***** piety under Makhleb
  7148 | D:8      | Noticed Joseph
  7161 | D:8      | Reached XP level 10. HP: 51/80 MP: 7/10
  7164 | D:8      | Paralysed by a hornet for 3 turns
  7168 | D:8      | HP: 3/80 [Joseph/+0 quarterstaff (7)]
  7171 | D:8      | Killed Joseph
  7172 | D:8      | Reached skill level 8 in Fighting
  7404 | D:8      | Found a staircase to the Lair.
  7404 | D:8      | Noticed Gastronok
  7434 | D:8      | Killed Gastronok
  7811 | D:8      | Noticed a two-headed ogre
  7819 | D:8      | Killed a two-headed ogre
  8125 | D:9      | Found a staircase to the Orcish Mines.
  8244 | D:8      | Reached skill level 9 in Fighting
  8832 | D:9      | Noticed a two-headed ogre
  8839 | D:9      | Killed a two-headed ogre
  8840 | D:9      | Gained mutation: You are surrounded by a moderate repulsion
                  | field. (EV +3) [demonic ancestry]
  8840 | D:9      | Reached XP level 11. HP: 64/89 MP: 5/11
  9056 | D:10     | Entered Level 10 of the Dungeon
  9171 | D:10     | Found a transporter.
  9175 | D:10     | Found a transporter.
  9415 | D:10     | Noticed Maggie
  9425 | D:10     | Killed Maggie
  9618 | D:10     | Found a stormy altar of Qazlal.
  9783 | D:10     | Found a transporter.
  9860 | D:10     | Found a transporter.
  9970 | D:10     | Found a shadowy altar of Dithmenos.
 10076 | D:11     | Identified the +1 mace of Cheese {flame, *Noise rPois Int+8
                  | Stlth+}
 10169 | D:11     | Noticed a centaur warrior
 10179 | D:11     | Killed a centaur warrior
 10363 | D:11     | Reached skill level 10 in Fighting
 10477 | D:11     | Reached ****** piety under Makhleb
 10649 | D:11     | Found a transporter.
 10708 | D:11     | Found a transporter.
 10709 | D:11     | Noticed a boulder beetle
 10709 | D:11     | Noticed a boulder beetle
 10709 | D:11     | Noticed a boulder beetle
 11177 | D:11     | Killed a boulder beetle
 11192 | D:11     | Killed a boulder beetle
 11207 | D:11     | Killed a boulder beetle
 11208 | D:11     | Gained mutation: You are surrounded by a strong repulsion
                  | field. (EV +4, RMsl) [demonic ancestry]
 11208 | D:11     | Reached XP level 12. HP: 26/98 MP: 2/12
 11624 | Lair:1   | Entered Level 1 of the Lair of Beasts
 11624 | Lair:1   | Noticed Sonja
 11633 | Lair:1   | Killed Sonja
 11720 | Lair:1   | Noticed Fannar
 11735 | Lair:1   | Killed Fannar
 11989 | Lair:1   | Killed from afar by a lindwurm

Illustrated notes

Levels and vault maps discovered:
D:1:      spicycebolla_arrival_ecumenical, layout_loops_cross, serial_forest,
          infiniplex_forest_straight_5, infiniplex_forest_clump_long,
          infiniplex_forest_straight_2, infiniplex_forest_lined_3,
          infiniplex_forest_clump_curved, infiniplex_forest_straight_2,
          infiniplex_forest_lined_3_way, infiniplex_forest_end_double,
          serial_shops, nicolae_shop_gaudy_bauble, minmay_surrounded
D:2:      layout_rooms
D:3:      layout_basic, okawaru_altar_gauntlet_db,
          minmay_randomly_rotated_circles, uniq_terence, uniq_sigmund
D:4:      kennysheep_the_goblin_king, layout_loops_ring, serial_shops, shop,
          minmay_cupped
D:5:      lemuel_ratsnest, layout_basic, nemelex_dance_club_becter, uniq_grinder
D:6:      layout_loops_cross, minmay_temple_entry_glassed_door
D:7:      layout_basic, nicolae_ossuary_entry_catacombs
D:8:      layout_rooms, due_lair_maze_entry_diamond, uniq_joseph, uniq_gastronok
D:9:      layout_loops_cross, david_orc_5, fountainhead, minmay_door_square,
          grunt_decor_fettered
D:10:     layout_loops_cross, grunt_dithmenos_smoke_and_mirrors,
          mainiacjoe_overflow_paths, kennysheep_path_1,
          nicolae_transporter_circle, uniq_maggie
D:11:     gammafunk_boulding_lane, layout_loops_ring, special_room
          [special_room_orc]
Lair:1:   layout_cave_pods, nicolae_lair_lindhole, grunt_megastairs_1,
          uniq_fannar, uniq_sonja

Skill      XL: |  1  2  3  4  5  6  7  8  9 10 11 |
---------------+----------------------------------+-----
Axes           | 2 3 4 5 6 8 9 |  9.5
Armour         | 3 4 5 6 7 8 9 |  9.8
Shields        | 3 4 5 6 7 8 9 |  9.8
Fighting       | 4 5 6 7 9 10 | 10.6

Action                     |  1- 3 |  4- 6 |  7- 9 | 10-12 || total
---------------------------+-------+-------+-------+-------++-------
  Melee: War axe           |    82 |   104 |   340 |   395 ||   921
         Kick              |    12 |    18 |   107 |   164 ||   301
  Throw: Dart              |       |     8 |       |    11 ||    19
    Use: Scroll            |       |     9 |    14 |     5 ||    28
         Potion            |       |     2 |     2 |     9 ||    13
   Stab: Distracted        |       |       |       |     1 ||     1
 Armour: Scale mail        |    36 |    35 |       |       ||    71
         Chain mail        |       |       |   189 |   239 ||   428
  Dodge: Dodged            |    34 |    60 |   134 |   134 ||   362
         Repelled          |       |       |       |     1 ||     1
  Block: Buckler           |    19 |    29 |   105 |       ||   153
         Tower shield      |       |       |    49 |   442 ||   491

Table legend: (Time is in decaauts)
 A = Elapsed time spent in this place.
 B = Non-inter-level travel time spent in this place.
 C = Inter-level travel time spent in this place.
 D = Time resting spent in this place.
 E = Time spent auto-exploring this place.
 F = Levels seen in this place.
 G = Mean time per level.
                   A        B        C        D        E       F      G
               +--------+--------+--------+--------+--------+-----+--------+
         Total |  12331 |  11340 |    991 |    927 |   7973 |  13 |  948.5 |
       Dungeon |  11636 |  10651 |    985 |    927 |   7537 |  11 | 1057.8 |
          Lair |    363 |    358 |      5 |      0 |    285 |   1 |  363.0 |
       Ossuary |    331 |    331 |      0 |      0 |    151 |   1 |  331.0 |
               +--------+--------+--------+--------+--------+-----+--------+

Top non-repeatable levels by time:
    D:11: 1587 daAuts
     D:3: 1411 daAuts
     D:7: 1266 daAuts
     D:5: 1165 daAuts
     D:9: 1061 daAuts
     D:4: 1020 daAuts
     D:1: 996 daAuts
    D:10: 960 daAuts
     D:8: 895 daAuts
     D:6: 667 daAuts
     D:2: 605 daAuts
  Lair:1: 363 daAuts
 Ossuary: 331 daAuts
